Map: King Sejong Station LE

Players

blackxored - Winner!

  • Race: Zerg Zerg
  • League: Diamond

Doler

  • Race: Zerg Zerg
  • League: Silver

VOD

Have the link to the VOD?

Description

Time

  • Played on: June 19, 2016, 6:06 p.m.
  • Length: 17:06
Show
View Real Time Build Order
Export as new Build Order

blackxored Zerg - Winner!

Build Orders: Hatch First 

Get SALT Encoding   

  12  0:01  Drone  
  13  0:09  Drone  
  14  0:23  Extractor  
  14  0:24  Drone  
  15  0:44  Overlord  
  15  0:51  Extractor  
  15  0:52  Extractor  
  15  0:53  Drone  
  16  1:05  Drone x2  
  16  1:10  Drone  
  19  1:11  Hatchery  
  19  1:17  Extractor  
  17  1:18  Spawning Pool  
  17  1:21  Drone  
  17  1:28  Drone  
  18  1:39  Drone  
  19  2:06  Queen  
  19  2:07  Zergling x2  
  22  2:09  Overlord  
  22  2:17  Overlord  
  22  2:26  Drone  
  23  2:31  Zergling x2  
  23  2:32  Metabolic Boost  
  23  2:34  Drone  
  23  2:36  Hatchery  
  24  2:40  Queen  
  26  2:50  Queen  
  28  3:01  Baneling Nest, Drone  
  27  3:11  Zergling x8  
  32  3:24  Zergling x12, Spine Crawler  
  35  3:36  Zergling x4  
  30  3:41  Queen  
  30  3:45  Baneling x2  
  29  3:51  Zergling x2  
  29  3:52  Zergling x2  
  27  4:06  Drone  
  27  4:08  Queen  
  30  4:11  Baneling  
  30  4:13  Baneling  
  30  4:17  Baneling  
  30  4:27  Zergling x2  
  30  4:28  Zergling x6  
  34  4:36  Zergling x2  
  34  4:37  Zergling x2  
  35  4:41  Drone x2  
  35  4:44  Baneling x2  
  37  4:52  Drone x2  
  39  5:06  Drone x4  
  43  5:11  Lair  
  30  5:32  Zergling x14  
  37  5:47  Drone x3  
  38  6:00  Zergling x4  
  38  6:03  Drone  
  38  6:04  Drone  
  42  6:14  Baneling x3  
  41  6:23  Zergling x10  
  39  6:41  Zergling x10  
  39  6:46  Drone  
  43  6:55  Drone  
  43  6:57  Overlord x2  
  44  7:10  Extractor  
  44  7:11  Drone  
  44  7:13  Spire, Drone  
  44  7:20  Overlord  
  44  7:23  Overlord  
  44  7:26  Drone x3  
  44  7:27  Drone x2  
  49  7:32  Extractor  
  49  7:33  Extractor  
  49  7:34  Drone  
  48  7:44  Drone x2  
  50  7:53  Drone x3, Spine Crawler  
  50  7:55  Spine Crawler  
  50  8:03  Drone x2  
  50  8:05  Drone  
  53  8:11  Drone  
  56  8:25  Mutalisk  
  56  8:26  Spine Crawler, Mutalisk x3  
  63  8:27  Spine Crawler  
  63  8:29  Mutalisk  
  64  8:35  Mutalisk  
  66  8:46  Spine Crawler x2  
  62  8:50  Mutalisk  
  64  8:58  Mutalisk  
  64  9:00  Zergling x6  
  64  9:01  Zergling x2  
  66  9:08  Mutalisk  
  61  9:15  Zergling x2  
  61  9:16  Zergling x10  
  57  9:26  Zergling x2  
  58  9:31  Hatchery  
  58  9:34  Drone x2  
  58  9:35  Drone x3  
  62  9:46  Drone  
  62  9:47  Drone x3  
  66  10:04  Zerg Flyer Weapons Level 1, Mutalisk x3  
  72  10:08  Drone  
  73  10:16  Mutalisk  
  73  10:19  Overseer  
  75  10:37  Drone, Evolution Chamber  
  75  10:38  Evolution Chamber  
  75  10:39  Infestation Pit  
  69  10:46  Roach Warren  
  69  10:47  Drone  
  69  10:48  Drone x3  
  72  11:15  Zerg Missile Weapons Level 1, Zerg Ground Armor Level 1  
  72  11:19  Queen  
  72  11:21  Drone x5  
  76  11:43  Glial Reconstitution  
  76  11:45  Roach  
  76  11:47  Overlord x4  
  72  12:02  Drone x2  
  72  12:07  Drone x8  
  82  12:10  Overseer  
  81  12:32  Extractor  
  81  12:33  Roach x4  
  81  12:35  Extractor  
  87  12:39  Centrifical Hooks  
  87  12:42  Hatchery  
  86  12:56  Roach x5  
  96  13:00  Overlord x2  
  96  13:19  Roach x5  
  110  13:20  Roach x2  
  101  13:41  Overlord x3  
  76  13:50  Roach x7  
  78  13:58  Roach  
  78  13:59  Roach x2  
  82  14:04  Drone x3  
  85  14:13  Ravager x6  
  85  14:16  Zerg Missile Weapons Level 2  
  91  14:37  Roach  
  91  14:38  Roach x2  
  97  14:42  Overlord x2  
  97  14:49  Hatchery  
  96  15:05  Zergling x10  
  96  15:06  Zergling x6  
  104  15:07  Zergling x2  
  104  15:09  Zergling x2  
  104  15:12  Zergling x2  
  107  15:20  Zergling x6  
  107  15:21  Zergling x6  
  113  15:31  Overlord  
  113  15:48  Queen  
  115  15:54  Roach  
  115  15:55  Roach x2  
  121  15:57  Baneling  
  121  15:58  Baneling x22  
  121  15:59  Baneling  
  121  16:00  Baneling  
  121  16:15  Drone x7  
  121  16:17  Overlord  
Show
View Real Time Build Order
Export as new Build Order

Doler Zerg 

Build Orders: Hatch First, Zergling Baneling 

Get SALT Encoding   

  12  0:01  Drone  
  13  0:09  Drone  
  14  0:37  Hatchery  
  14  0:40  Extractor  
  12  0:54  Spawning Pool  
  11  0:58  Drone  
  11  1:03  Drone  
  13  1:09  Drone  
  14  1:21  Overlord  
  14  1:40  Metabolic Boost  
  14  1:46  Queen  
  16  1:54  Drone  
  17  2:03  Zergling x2  
  17  2:05  Zergling x2  
  19  2:10  Zergling x2  
  19  2:15  Zergling x2  
  21  2:25  Drone  
  21  2:27  Drone  
  23  2:32  Zergling x4  
  25  2:40  Zergling x2  
  26  2:45  Overlord  
  26  2:51  Zergling x2  
  26  2:52  Zergling x2  
  28  3:03  Zergling x2  
  28  3:04  Zergling x4  
  31  3:11  Zergling x4  
  33  3:17  Zergling x2  
  33  3:34  Zergling x4  
  33  3:35  Zergling x2  
  33  3:36  Overlord  
  33  3:46  Zergling x6  
  34  3:55  Zergling x4  
  28  4:05  Baneling Nest  
  27  4:13  Drone x2  
  29  4:19  Spine Crawler  
  29  4:20  Drone  
  29  4:26  Drone  
  29  4:29  Drone  
  29  4:39  Drone  
  29  4:40  Drone  
  31  4:47  Drone  
  31  4:49  Drone  
  31  4:51  Baneling  
  31  4:52  Baneling x4  
  33  4:57  Baneling x2  
  33  4:58  Baneling x2  
  33  4:59  Baneling  
  33  5:04  Drone x2  
  33  5:07  Drone  
  29  5:33  Roach Warren  
  29  5:34  Lair  
  29  5:35  Drone  
  29  5:36  Drone x2  
  31  5:46  Zergling x8  
  33  5:57  Drone x3  
  33  6:00  Spine Crawler  
  35  6:13  Roach x4  
  37  6:27  Roach x2  
  37  6:28  Roach x2  
  37  6:31  Queen  
  41  6:41  Glial Reconstitution  
  39  6:49  Drone x3  
  41  7:07  Drone x2  
  41  7:08  Drone  
  44  7:13  Overlord x2  
  44  7:18  Overseer  
  44  7:22  Overlord  
  44  7:37  Roach x3  
  44  7:39  Roach x2  
  54  7:51  Zergling x6  
  57  7:52  Zergling x2  
  57  7:56  Extractor, Drone  
  58  8:11  Roach x3  
  58  8:12  Roach  
  66  8:14  Zergling x4  
  68  8:20  Spore Crawler  
  67  8:33  Spore Crawler  
  67  8:34  Drone x2  
  68  8:36  Overlord x2  
  59  9:16  Spore Crawler  
  56  9:19  Spore Crawler  
  47  9:24  Spore Crawler  
  47  9:26  Spore Crawler  
  47  9:28  Spore Crawler  
  31  9:33  Spore Crawler x2  
  29  9:42  Roach x2  
  29  9:43  Roach x4  
  41  9:46  Drone  
  42  9:59  Spore Crawler  
  41  10:04  Spore Crawler  
  40  10:07  Drone x2  
  40  10:09  Drone x2  
  44  10:17  Drone  
  44  10:18  Drone  
  46  10:30  Drone x2  
  46  10:34  Drone x2  
  46  10:35  Drone  
  51  10:48  Hydralisk Den  
  50  10:54  Drone x2  
  50  10:55  Drone x2  
  54  10:57  Queen  
  56  11:06  Queen  
  58  11:12  Overlord x2  
  58  11:34  Muscular Augments  
  56  11:41  Queen  
  56  11:46  Hydralisk x6  
  70  12:03  Hydralisk x2  
  70  12:04  Hydralisk  
  76  12:09  Overlord  
  76  12:28  Hydralisk x2  
  80  12:30  Overlord x2  
  80  12:32  Drone  
  81  12:49  Hydralisk x3  
  87  12:58  Zergling x4  
  87  13:02  Zergling x6  
  87  13:03  Zergling x6  
  89  13:33  Hydralisk x3  
  83  13:45  Hydralisk x3  
  65  13:57  Zergling x10  
  58  14:11  Drone  
  58  14:13  Hatchery  
  58  14:17  Hydralisk  
  58  14:18  Hydralisk  
  62  14:28  Hydralisk  
  62  14:29  Hydralisk  
  66  14:46  Extractor  
  66  14:48  Extractor  
  66  14:50  Roach  
  66  14:51  Roach x6  
  78  15:03  Drone  
  78  15:06  Drone x2  
  78  15:07  Drone  
  82  15:14  Drone  
  83  15:27  Drone  
  84  15:38  Roach x6  
  84  15:39  Roach x5  
  106  16:02  Overlord  
  106  16:03  Overlord x2  
  106  16:17  Overlord x3  
  105  16:26  Drone x3  
  105  16:28  Spore Crawler  
  105  16:30  Spore Crawler  
  105  16:31  Drone  
Tags
 
Add a new tag
Caveats
  • Supply blocks, unpowered buildings, or Contaminate may cause inaccurate times.
  • Supply counts are checked every 10 seconds.